 Seeded DCSS version 0.27.1-33-g824d729ab1 (webtiles) character file.

Game seed: 1001837481477946641 (custom seed)

32416 croobank the Nimble (level 13, -6/119 HPs)
             Began as a Gnoll Monk on Dec 31, 2021.
             Was the Champion of Ru.
             Mangled by a six-headed hydra (8 damage)
             ... on level 4 of the Lair of Beasts.
             The game lasted 02:19:37 (14547 turns).

croobank the Nimble (Gnoll Monk)                   Turns: 14547, Time: 02:19:46

Health: -6/119     AC: 19    Str: 18    XL:     13   Next: 64%
Magic:  25/25      EV: 19    Int: 19    God:    Ru [******]
Gold:   1439       SH:  0    Dex: 20    Spells: 14/29 levels left

rFire    . . .     SeeInvis +   v - +1 flail (protect)
rCold    . . .     Faith    .   (shield unavailable)
rNeg     . . .     Spirit   .   x - +2 steam dragon scales
rPois    +         Reflect  .   t - +1 hat "Yfrops" {Str+4 Dex+4}
rElec    .         Harm     .   (no cloak)
rCorr    .         Rampage  .   q - +0 pair of gloves
Will     .....                  b - +0 pair of boots
Stlth    +++++.....             y - amulet of Vitality {Regen+ HP+15}
HPRegen  1.29/turn              (ring unavailable)
MPRegen  0.19/turn              d - ring of Absolutism {rPois Int+7 Dex+2 SInv}

@: about to teleport, under a protective aura
A: fangs 1, missing a hand, inability to use devices, weak-willed 1, strong
nose, distributed training
a: Renounce Religion, Draw Out Power, Power Leap, Apocalypse


You were on level 4 of the Lair of Beasts.
You worshipped Ru.
Ru was exalted by your worship.
You visited 6 branches of the dungeon, and saw 18 of its levels.
You also visited: Volcano.

You collected 1439 gold pieces.

Inventory:

Hand Weapons
 a - a +3 war axe
 h - a +0 double sword
 j - a +2 trident of venom
 v - a +1 flail of protection (weapon)
 A - a +3 dagger
 H - a +1 dagger of flaming
Missiles
 i - 97 sling bullets
 l - 293 stones (quivered)
 n - 72 bolts
 M - 2 throwing nets
Armour
 b - a +0 pair of boots (worn)
 q - a +0 pair of gloves (worn)
 r - a +0 chain mail
 t - the +1 hat "Yfrops" (worn) {Str+4 Dex+4}
   (You acquired it on level 5 of the Dungeon)

   Str:       It affects your strength (+4).
   Dex:       It affects your dexterity (+4).
 x - +2 steam dragon scales (worn)
 C - a +0 plate armour
 G - a +4 chain mail
 O - a +1 leather armour of fire resistance
Magical Staves
 f - a staff of earth
 E - a staff of cold
 F - a staff of air
Jewellery
 d - the ring of Absolutism (right hand) {rPois Int+7 Dex+2 SInv}
   (You acquired it on level 1 of the Dungeon)

   [ring of see invisible]

   Int:       It affects your intelligence (+7).
   Dex:       It affects your dexterity (+2).
   rPois:     It protects you from poison.
   SInv:      It lets you see invisible.
 k - a +4 ring of protection
 o - a ring of protection from fire
 p - a ring of positive energy
 y - the amulet of Vitality (around neck) {Regen+ HP+15}
   (You acquired it on level 4 of the Dungeon)

   [amulet of regeneration]

   HP:        It affects your health (+15).
   Regen:     It increases your rate of health regeneration.
 K - a ring of willpower
Wands
 w - a wand of iceblast (7)
Scrolls
 c - 2 scrolls of amnesia
 e - 2 scrolls of magic mapping
 s - 3 scrolls of teleportation
 z - 2 scrolls of immolation
Potions
 g - 3 potions of lignification
 m - a potion of mutation
 u - 3 potions of magic
 B - 2 potions of curing
 D - 2 potions of flight
 J - a potion of cancellation {unknown}
 L - a potion of brilliance
 N - a potion of attraction {unknown}
Miscellaneous
 I - a phial of floods


   Skills:
 + Level 10.6 Fighting
 + Level 8.5 Short Blades
 + Level 8.5 Long Blades
 + Level 10.6 Axes
 + Level 8.5 Maces & Flails
 + Level 8.5 Polearms
 + Level 8.5 Staves
 + Level 8.5 Slings
   Level 0.0 Bows
 + Level 8.5 Crossbows
 + Level 8.5 Throwing
 + Level 8.5 Armour
 + Level 10.6 Dodging
 + Level 9.5 Stealth
   Level 0.0 Shields
 + Level 8.5 Unarmed Combat
 + Level 8.5 Spellcasting
 + Level 7.0 Conjurations
 + Level 7.0 Hexes
 + Level 7.0 Summonings
 + Level 7.0 Necromancy
 + Level 7.0 Translocations
 + Level 7.0 Transmutations
 + Level 7.0 Fire Magic
 + Level 7.0 Ice Magic
 + Level 7.0 Air Magic
 + Level 7.0 Earth Magic
 + Level 7.0 Poison Magic
 + Level 9.2 Invocations
   Level 0.0 Evocations


You had 14 spell levels left.
You knew the following spells:

 Your Spells              Type           Power      Damage    Failure   Level
a - Confusing Touch       Hex            34%        N/A       1%          3
b - Mephitic Cloud        Conj/Pois/Air  34%        N/A       1%          3
c - Fulminant Prism       Conj/Hex       17%        3d11      4%          4
d - Yara's Violent Unrav  Hex/Tmut       17%        3d8       13%         5

Your spell library contained the following spells:

 Spells                   Type           Power      Damage    Failure   Level
 Magic Dart               Conj           100%       1d8       1%          1
 Call Imp                 Summ           34%        N/A       1%          2
 Summon Guardian Golem    Hex/Summ       34%        N/A       1%          3
 Iskenderun's Mystic Bla  Conj/Tloc      34%        2d8       4%          4
 Leda's Liquefaction      Hex/Erth       17%        N/A       4%          4
 Bolt of Magma            Conj/Fire/Erth 17%        4d9       13%         5
 Freezing Cloud           Conj/Ice/Air   17%        6-21      13%         5
 Lee's Rapid Deconstruct  Erth           17%        3d11*     13%         5
 Invisibility             Hex            17%        N/A       58%         6
 Simulacrum               Ice/Necr       17%        N/A       58%         6
 Statue Form              Tmut/Erth      22%        N/A       58%         6
 Orb of Destruction       Conj           17%        9d8       99%         7
 Spellforged Servitor     Conj/Summ      17%        N/A       99%         7
 Dragon's Call            Summ           17%        N/A       100%        9
 Polar Vortex             Ice            17%        N/A       100%        9


Dungeon Overview and Level Annotations

Branches:
Dungeon (10/15)            Temple (1/1) D:5            Lair (4/6) D:8
 Shoals (1/4) Lair:2        Snake (1/4) Lair:2          Orc (1/2) D:9
Volcano (visited)

Altars:
Ashenzari
Cheibriados
Dithmenos
Elyvilon
Fedhas
Gozag
Hepliaklqana
Kikubaaqudgha
Makhleb
Nemelex Xobeh
Okawaru
Qazlal
Ru
Sif Muna
Trog
Uskayaw
Wu Jian
Xom
Yredelemnul
Zin
The Shining One

Shops:
Snake:1 [

Annotations:
D:3 3 runed translucent doors, Fractals's ghost, amateur OgBe


Innate Abilities, Weirdness & Mutations

You have very sharp teeth.
You are missing a hand.
You cannot study or use magical devices.
You are slightly weak-willed. (Will-)
Your uncanny sense of smell can sniff out nearby items.
Your experience applies equally to all skills.


Message History

The six-headed hydra completely misses you.
The six-headed hydra bites you but does no damage.
The blink frog begins to attack, but is stunned by your conviction!
You bludgeon the six-headed hydra!! You bite the six-headed hydra.
The six-headed hydra is heavily wounded.
The six-headed hydra bites you!
* * * LOW HITPOINT WARNING * * *
The six-headed hydra closely misses you.
The six-headed hydra barely misses you. The six-headed hydra misses you. x2
The six-headed hydra bites you but does no damage.
As you read the scroll of teleportation, it crumbles to dust.
You feel strangely unstable.
The blink frog blinks! x2
The six-headed hydra closely misses you.
The six-headed hydra misses you.
The six-headed hydra closely misses you.
The six-headed hydra bites you.
* * * LOW HITPOINT WARNING * * *
The six-headed hydra bites you but does no damage.
The six-headed hydra bites you.
* * * LOW HITPOINT WARNING * * *
You sock the six-headed hydra! Your bite misses the six-headed hydra.
The six-headed hydra is heavily wounded.
The six-headed hydra bites you.
* * * LOW HITPOINT WARNING * * *
You focus your inner power and illuminate the six-headed hydra in retribution!
The six-headed hydra bites you.
* * * LOW HITPOINT WARNING * * *
The six-headed hydra barely misses you. The six-headed hydra bites you!
* * * LOW HITPOINT WARNING * * *
The six-headed hydra bites you but does no damage.
The six-headed hydra bites you!
* * * LOW HITPOINT WARNING * * *
You sock the six-headed hydra!
The six-headed hydra is severely wounded.
The six-headed hydra bites you.
* * * LOW HITPOINT WARNING * * *
The six-headed hydra misses you.
The six-headed hydra bites you but does no damage.
The six-headed hydra misses you. The six-headed hydra bites you!
You die...

..### .......# .##
##......# . .#
#.......## .. .##
#........#..# #.#
##............ ###
##..†.$.....### #
####.............. #
#..#..D..†........ ###
#....@...†....... #.#
#................ .##
##...F........... ..##
##................
...##
#P......F.........
...P#
##....§........P.P
##..##
###.....)..$.#####
#...######.........#..#
##P...#.#...####.....##


You could see a six-headed hydra (corona) and 2 blink frogs.

Vanquished Creatures
  6 hydras
  An ogre mage (Volcano)
  4 two-headed ogres (Volcano)
  A mana viper (Snake:1)
  A merfolk siren (Lair:2)
  7 elephants
  4 black mambas
  A torpor snail (Lair:3)
  2 molten gargoyles (Volcano)
  11 cane toads
  Maggie (D:6)
  A rime drake (Lair:4)
  4 komodo dragons
  A troll (D:9)
  A merfolk (Lair:2)
  A polar bear (Lair:3)
  Grinder (D:3)
  20 blink frogs
  5 dream sheep (Lair:2)
  Sigmund (D:4)
  A shadow (D:9)
  3 wyverns
  23 yaks
  4 fire bats
  2 nagas
  9 water moccasins
  An acid dragon (D:8)
  6 orc warriors
  An ice beast (D:6)
  2 black bears
  A sky beast (D:5)
  A necrophage (D:6)
  4 wolves (Lair:2)
  2 ogres
  6 centaurs
  A rime drake zombie (D:8)
  A phantom (D:4)
  2 kobold brigands (D:8)
  11 bullfrogs
  A gnoll sergeant (D:7)
  2 scorpions
  A water moccasin zombie (D:7)
  2 wyvern skeletons
  A water moccasin skeleton (D:7)
  3 wights (D:6)
  4 crimson imps (D:8)
  5 lava snakes (Volcano)
  2 centaur zombies
  A jelly (D:4)
  5 orc priests
  2 centaur skeletons (D:7)
  An iguana (D:5)
  7 orc wizards
  A hound skeleton (D:4)
  Robin (D:3)
  11 gnolls
  2 howler monkey skeletons
  A howler monkey zombie (D:7)
  5 adders
  7 white imps
  3 ufetubi
  An adder skeleton (D:4)
  3 worms
  2 dart slugs
  39 orcs
  4 bats
  6 endoplasms
  4 giant cockroaches
  15 goblins
  15 hobgoblins
  4 jackals (D:1)
  A quokka (D:2)
  6 ball pythons
  3 frilled lizards
  14 kobolds
  5 rats
345 creatures vanquished.

Vanquished Creatures (others)
  A red draconian (Volcano)
  A water nymph (Shoals:1)
  A merfolk (Lair:2)
  2 blink frogs
  A wyvern (Lair:2)
  A basilisk (D:8)
  A wolf (Lair:2)
  2 bullfrogs (Lair:2)
  An orc (D:5)
  12 fulminant prisms
  27 fungi
  42 plants
92 creatures vanquished.

Grand Total: 437 creatures vanquished

Notes
Turn   | Place    | Note
-------+----------+-------------------------------------------
     0 | D:1      | croobank the Gnoll Monk began the quest for the Orb.
     0 | D:1      | Reached XP level 1. HP: 23/23 MP: 1/1
    91 | D:1      | Found a faded altar of an unknown god.
   248 | D:1      | Identified a scroll of acquirement
   248 | D:1      | Acquired the ring of Absolutism {rPois Int+7 Dex+2 SInv}
   299 | D:1      | Reached XP level 2. HP: 25/29 MP: 2/2
   802 | D:1      | Reached XP level 3. HP: 35/35 MP: 3/3
  1192 | D:2      | Found a hide-covered altar of Uskayaw.
  1218 | D:2      | Reached skill level 1 in Invocations
  1677 | D:2      | Reached skill level 1 in Short Blades
  1677 | D:2      | Reached skill level 1 in Long Blades
  1677 | D:2      | Reached skill level 1 in Maces & Flails
  1677 | D:2      | Reached skill level 1 in Polearms
  1677 | D:2      | Reached skill level 1 in Staves
  1677 | D:2      | Reached skill level 1 in Slings
  1677 | D:2      | Reached skill level 1 in Bows
  1677 | D:2      | Reached skill level 1 in Crossbows
  1677 | D:2      | Reached skill level 1 in Throwing
  1677 | D:2      | Reached skill level 1 in Armour
  1677 | D:2      | Reached skill level 1 in Shields
  1677 | D:2      | Reached skill level 1 in Unarmed Combat
  1677 | D:2      | Reached skill level 1 in Spellcasting
  1677 | D:2      | Reached skill level 1 in Evocations
  1745 | D:2      | Reached XP level 4. HP: 33/41 MP: 5/5
  1994 | D:2      | Reached skill level 1 in Conjurations
  1994 | D:2      | Reached skill level 1 in Hexes
  1994 | D:2      | Reached skill level 1 in Summonings
  1994 | D:2      | Reached skill level 1 in Necromancy
  1994 | D:2      | Reached skill level 1 in Translocations
  1994 | D:2      | Reached skill level 1 in Transmutations
  1994 | D:2      | Reached skill level 1 in Fire Magic
  1994 | D:2      | Reached skill level 1 in Ice Magic
  1994 | D:2      | Reached skill level 1 in Air Magic
  1994 | D:2      | Reached skill level 1 in Earth Magic
  1994 | D:2      | Reached skill level 1 in Poison Magic
  2521 | D:3      | Noticed Fractals's ghost (amateur OgBe)
  2522 | D:3      | Found a runed translucent gate.
  2522 | D:3      | Found a runed translucent gate.
  2522 | D:3      | Found a runed translucent gate.
  2633 | D:3      | Noticed Grinder
  2738 | D:3      | Reached XP level 5. HP: 24/47 MP: 6/6
  2990 | D:3      | Found an ornate altar of the Wu Jian Council.
  3280 | D:3      | Noticed Robin
  3320 | D:3      | Killed Robin
  3673 | D:3      | Killed Grinder
  3674 | D:3      | Reached XP level 6. HP: 26/53 MP: 7/9
  4305 | D:4      | Acquired 718 gold pieces
  4378 | D:4      | Reached XP level 7. HP: 56/59 MP: 10/10
  4424 | D:4      | Noticed Sigmund
  4454 | D:4      | Killed Sigmund
  4534 | D:4      | Reached skill level 5 in Stealth
  4538 | D:4      | You fall into a shaft and drop 1 floor!
  4538 | D:5      | Entered Level 5 of the Dungeon
  4595 | D:5      | Found a staircase to the Ecumenical Temple.
  4620 | Temple   | Entered the Ecumenical Temple
  4944 | Temple   | Became a worshipper of Ru the Awakened
  4950 | Temple   | Gained mutation: You are missing a hand. [Ru sacrifice]
  4950 | Temple   | Reached * piety under Ru
  4950 | Temple   | Reached ** piety under Ru
  5116 | D:5      | Found a blossoming altar of Fedhas.
  5283 | D:5      | Acquired the +1 hat "Yfrops" {Str+4 Dex+4}
  5308 | D:5      | Reached XP level 8. HP: 43/67 MP: 12/12
  5651 | D:4      | Acquired the amulet of Vitality {Regen+ HP+15}
  5651 | D:4      | Found the amulet of Vitality {Regen+ HP+15}
  5978 | D:5      | Found an iron altar of Okawaru.
  5978 | D:5      | Found a basalt altar of Yredelemnul.
  6275 | D:5      | Found a shimmering altar of Xom.
  6276 | D:5      | Found a shimmering blue altar of Sif Muna.
  6577 | D:6      | Noticed Maggie
  6646 | D:6      | Found an opulent altar of Gozag.
  7074 | D:6      | Killed Maggie
  7075 | D:6      | Reached XP level 9. HP: 73/73 MP: 14/14
  7740 | D:7      | Acquired the Volume of the Escort and Hexes
  7769 | D:7      | You fall into a shaft and drop 3 floors!
  7769 | D:10     | Entered Level 10 of the Dungeon
  7771 | D:10     | Noticed a kobold demonologist
  7780 | D:10     | Gained mutation: You are slightly weak-willed. (Will-) [Ru
                  | sacrifice]
  7780 | D:10     | Reached *** piety under Ru
  7780 | D:10     | Reached **** piety under Ru
  7863 | D:9      | Noticed a troll
  7871 | D:9      | Killed a troll
  7872 | D:9      | Reached skill level 5 in Invocations
  8158 | D:7      | Reached XP level 10. HP: 34/80 MP: 17/17
  8524 | D:8      | Reached skill level 5 in Short Blades
  8524 | D:8      | Reached skill level 5 in Long Blades
  8524 | D:8      | Reached skill level 5 in Maces & Flails
  8524 | D:8      | Reached skill level 5 in Polearms
  8524 | D:8      | Reached skill level 5 in Staves
  8524 | D:8      | Reached skill level 5 in Slings
  8524 | D:8      | Reached skill level 5 in Crossbows
  8524 | D:8      | Reached skill level 5 in Throwing
  8524 | D:8      | Reached skill level 5 in Armour
  8524 | D:8      | Reached skill level 5 in Unarmed Combat
  8524 | D:8      | Reached skill level 5 in Spellcasting
  8524 | D:8      | Reached skill level 5 in Evocations
  8819 | D:8      | Found a staircase to the Lair.
  8849 | D:9      | Found a staircase to the Orcish Mines.
  8891 | Orc:1    | Entered Level 1 of the Orcish Mines
  8972 | D:8      | Noticed an elephant
  8991 | D:8      | Killed an elephant
  9187 | D:8      | Found a glowing golden altar of the Shining One.
  9251 | D:8      | Learned a level 3 spell: Confusing Touch
  9255 | D:8      | Learned a level 3 spell: Mephitic Cloud
  9260 | D:8      | Learned a level 4 spell: Fulminant Prism
  9471 | Lair:1   | Entered Level 1 of the Lair of Beasts
  9471 | Lair:1   | Noticed an eight-headed hydra
  9484 | Lair:1   | Killed an eight-headed hydra
  9623 | D:8      | Reached XP level 11. HP: 60/87 MP: 19/19
  9807 | Lair:1   | Gained mutation: You cannot study or use magical devices.
                  | [Ru sacrifice]
  9807 | Lair:1   | Reached ***** piety under Ru
  9807 | Lair:1   | Reached ****** piety under Ru
  9851 | Lair:1   | Noticed a six-headed hydra
  9864 | Lair:1   | Killed a six-headed hydra
  9865 | Lair:1   | Reached skill level 5 in Conjurations
  9865 | Lair:1   | Reached skill level 5 in Hexes
  9865 | Lair:1   | Reached skill level 5 in Summonings
  9865 | Lair:1   | Reached skill level 5 in Necromancy
  9865 | Lair:1   | Reached skill level 5 in Translocations
  9865 | Lair:1   | Reached skill level 5 in Transmutations
  9865 | Lair:1   | Reached skill level 5 in Fire Magic
  9865 | Lair:1   | Reached skill level 5 in Ice Magic
  9865 | Lair:1   | Reached skill level 5 in Air Magic
  9865 | Lair:1   | Reached skill level 5 in Earth Magic
  9865 | Lair:1   | Reached skill level 5 in Poison Magic
 10023 | Lair:1   | Found a broken altar of Ashenzari.
 10841 | Lair:2   | Reached XP level 12. HP: 72/96 MP: 22/22
 11059 | Lair:2   | Noticed a seven-headed hydra
 11390 | Lair:2   | Killed a seven-headed hydra
 11626 | Lair:2   | Noticed a four-headed hydra
 11650 | Lair:2   | Killed a four-headed hydra
 11651 | Lair:2   | Reached skill level 10 in Fighting
 11651 | Lair:2   | Reached skill level 10 in Axes
 11651 | Lair:2   | Reached skill level 10 in Dodging
 11890 | Lair:2   | Found a staircase to the Snake Pit.
 11935 | Snake:1  | Entered Level 1 of the Snake Pit
 11935 | Snake:1  | Found Viraenke's Armour Boutique.
 11996 | Snake:1  | Noticed a shock serpent
 12039 | Lair:2   | Found a staircase to the Shoals.
 12440 | Shoals:1 | Entered Level 1 of the Shoals
 12767 | Lair:3   | Noticed an eight-headed hydra
 12789 | Lair:3   | Killed an eight-headed hydra
 12795 | Lair:3   | Reached XP level 13. HP: 69/101 MP: 24/24
 13334 | Lair:3   | Found a dark tunnel.
 13344 | Volcano  | Entered a volcano
 13545 | Volcano  | Found a radiant altar of Vehumet.
 13553 | Volcano  | Noticed a red draconian
 13565 | Volcano  | Paralysed by an ogre mage for 2 turns
 13574 | Volcano  | Killed a red draconian
 14468 | Lair:4   | Learned a level 5 spell: Yara's Violent Unravelling
 14546 | Lair:4   | HP: 4/119 [six-headed hydra (12)]
 14547 | Lair:4   | Mangled by a six-headed hydra

Illustrated notes

Levels and vault maps discovered:
D:1:      wander_arrival_fairy_ring, layout_rooms,
          ebering_ecumenical_altar_abandoned
D:2:      layout_basic, basic_altar, minmay_misc_feat_columns
D:3:      layout_loops_ring, nzn_wu_jian_council_hall, gammafunk_ghost_split,
          uniq_grinder, uniq_robin
D:4:      layout_cave_pools, minmay_door_square, uniq_sigmund
D:5:      layout_layer_cave, nicolae_overflow_hidden_temple, lemuel_round_altar,
          minmay_temple_entry_butterflies, st_stairs_10
D:6:      layout_basic, mainiacjoe_overflow_concentric_impassable, uniq_maggie
D:7:      layout_cave_pools, serial_park, serial_park_square3
          [serial_park_minivault_5x5_2], serial_park_tiny_pond,
          serial_park_tiny_1, serial_park_square2, serial_park_square1
          [serial_park_minivault_5x5_5]
D:8:      layout_basic, mainiacjoe_overflow_paths, david_lair_generic,
          corexii_checkpoint_a, minmay_nine_imps
D:9:      layout_loops_corners, david_orc_2, minmay_mirror_moons_of_madness
D:10:     layout_gridville, nicolae_vehumet_altar_sigil, lemuel_crystal_altar
Temple:   minmay_temple_forest_path
Lair:1:   layout_hall_layers, basic_altar, fungi_pond_lemuel, st_stairs_9,
          grunt_megastairs_5
Lair:2:   layout_regular_city, elwin_shoals_entry_stream,
          guppyfry_snake_entry_garden, st_stairs_9, beast_lair_carwin_2,
          grunt_megastairs_4
Lair:3:   layout_concentric_octagons, nicolae_volcano_entry_batcave,
          gauntlet_entry_generic
Lair:4:   layout_cave_pods, kennysheep_basilisk_garden
Shoals:1: layout_shoals, uniq_nikola, uniq_frances
Snake:1:  cheibrodos_forgotten_conduit, layout_onion, serial_shops,
          nicolae_shop_waterfront
Orc:1:    layout_caves

Skill      XL: |  1  2  3  4  5  6  7  8  9 10 11 12 13 |
---------------+----------------------------------------+-----
Invocations    | 1 2 3 4 5 6 7 8 9 |  9.2
Short Blades   | 1 2 3 4 5 6 7 8 |  8.5
Long Blades    | 1 2 3 4 5 6 7 8 |  8.5
Maces & Flails | 1 2 3 4 5 6 7 8 |  8.5
Polearms       | 1 2 3 4 5 6 7 8 |  8.5
Staves         | 1 2 3 4 5 6 7 8 |  8.5
Slings         | 1 2 3 4 5 6 7 8 |  8.5
Bows           | 1 2 0 |  0.0
Crossbows      | 1 2 3 4 5 6 7 8 |  8.5
Throwing       | 1 2 3 4 5 6 7 8 |  8.5
Armour         | 1 2 3 4 5 6 7 8 |  8.5
Shields        | 1 2 0 |  0.0
Unarmed Combat | 1 2 3 4 5 6 7 8 |  8.5
Spellcasting   | 1 2 3 4 5 6 7 8 |  8.5
Evocations     | 1 2 3 4 5 0 |  0.0
Conjurations   | 1 2 3 4 5 6 7 |  7.0
Hexes          | 1 2 3 4 5 6 7 |  7.0
Summonings     | 1 2 3 4 5 6 7 |  7.0
Necromancy     | 1 2 3 4 5 6 7 |  7.0
Translocations | 1 2 3 4 5 6 7 |  7.0
Transmutations | 1 2 3 4 5 6 7 |  7.0
Fire Magic     | 1 2 3 4 5 6 7 |  7.0
Ice Magic      | 1 2 3 4 5 6 7 |  7.0
Air Magic      | 1 2 3 4 5 6 7 |  7.0
Earth Magic    | 1 2 3 4 5 6 7 |  7.0
Poison Magic   | 1 2 3 4 5 6 7 |  7.0
Fighting       | 7 8 9 10 | 10.6
Axes           | 7 8 9 10 | 10.6
Dodging        | 7 8 9 10 | 10.6
Stealth        | 5 6 7 8 9 |  9.5

Action                   |  1- 3 |  4- 6 |  7- 9 | 10-12 | 13-15 || total
-------------------------+-------+-------+-------+-------+-------++-------
Melee: Hand axe          |   109 |       |       |       |       ||   109
       Bite              |     7 |    15 |    54 |   135 |    34 ||   245
       War axe           |    30 |   145 |   342 |   639 |   151 ||  1307
       Punch             |     1 |     1 |       |       |       ||     2
       Flail             |       |       |       |    94 |    36 ||   130
Throw: Stone             |       |     6 |     6 |     8 |     4 ||    24
 Cast: Mephitic Cloud    |       |       |       |     4 |     1 ||     5
       Confusing Touch   |       |       |       |     3 |     2 ||     5
       Fulminant Prism   |       |       |       |     3 |     9 ||    12
Invok: Sacrifice a Hand  |       |       |     1 |       |       ||     1
       Sacrifice Essence |       |       |     1 |       |       ||     1
       Sacrifice Artific |       |       |       |     1 |       ||     1
       Draw Out Power    |       |       |       |     3 |       ||     3
       Apocalypse        |       |       |       |       |     1 ||     1
  Use: Scroll            |     3 |     4 |    10 |     8 |     2 ||    27
       Potion            |       |       |     2 |     7 |     2 ||    11
 Stab: Distracted        |     1 |       |       |     4 |     2 ||     7
       Sleeping          |     2 |     3 |     6 |     9 |     4 ||    24
       Invisible         |       |       |     2 |    16 |     4 ||    22
       Paralysed         |       |       |       |    19 |    11 ||    30
       Confused          |       |       |       |     8 |     2 ||    10
       Held in net/web   |       |       |       |     1 |       ||     1
Armor: Robe              |     7 |       |       |       |       ||     7
       Ring mail         |    33 |    41 |    51 |       |       ||   125
       Steam dragon scal |       |       |    42 |   204 |    73 ||   319
       Skin              |       |       |       |    45 |       ||    45
Dodge: Dodged            |    77 |   115 |   300 |   703 |   230 ||  1425
